 Dungeon Crawl Stone Soup version 0.21-a0-513-gdcb3f5e (webtiles) character file.

42 Laiders the Insei (level 3, -1/26 HPs)
             Began as a Merfolk Transmuter on Dec 1, 2017.
             Slain by a gnoll
             ... wielding a +0 spear
              (7 damage)
             ... on level 2 of the Dungeon.
             The game lasted 00:02:44 (1688 turns).

Laiders the Insei (Merfolk Transmuter)              Turns: 1688, Time: 00:02:44

Health: -1/26      AC:  2    Str: 10    XL:     3   Next: 56%
Magic:  4/6        EV: 11    Int: 13    God:
Gold:   97         SH:  0    Dex: 19    Spells: 1/7 levels left

rFire    . . .     SeeInvis .     - Unarmed
rCold    . . .     Gourm    .   (shield currently unavailable)
rNeg     . . .     Faith    .   (armour currently unavailable)
rPois    x         Spirit   .   (helmet currently unavailable)
rElec    .         Reflect  .   (cloak currently unavailable)
rCorr    .         Harm     .   (gloves currently unavailable)
MR       .....                  (boots currently unavailable)
Stlth    ++........             (no amulet)
HPRegen  0.08/turn              (no ring)
MPRegen  0.10/turn              (no ring)

@: spider-form (expiring), held
A: tiny, (change form in water), (swift swim), (stealthy swim)
a: End Transformation


You were on level 2 of the Dungeon.
You were hungry.
You were a venomous arachnid creature.
You visited 1 branch of the dungeon, and saw 2 of its levels.

You collected 97 gold pieces.

Inventory:

Missiles
 a - 36 arrows
Armour
 b - a +0 robe (melded)
Jewellery
 h - an uncursed ring of fire
 r - an uncursed amulet of regeneration {unknown}
Scrolls
 e - 2 scrolls of enchant weapon
 f - a scroll of teleportation {unknown}
 g - a scroll of fog {unknown}
 l - a scroll of blinking {unknown}
 n - a scroll of remove curse {unknown}
 q - a scroll of amnesia {unknown}
Potions
 j - 2 potions of might {unknown}
 k - 2 potions of curing
 o - a potion of agility {unknown}
 s - a potion of degeneration {unknown}
Books
 c - a book of Changes

   Spells                             Type                      Level
   a - Beastly Appendage              Transmutation                1
   b - Sticks to Snakes               Transmutation                2
   c - Spider Form                    Transmutation/Poison         3
   d - Ice Form                       Ice/Transmutation            4
   e - Blade Hands                    Transmutation                5
Comestibles
 d - 3 bread rations
 i - 4 fruits
 m - 2 royal jellies
 p - 4 chunks of flesh


   Skills:
 - Level 1.1 Fighting
 - Level 2.6 Dodging
 + Level 3.8 Unarmed Combat
 + Level 2.6 Spellcasting
 + Level 3.6 Transmutations
 + Level 0.2 Poison Magic


You had one spell level left.
You knew the following spells:

 Your Spells              Type           Power        Failure   Level  Hunger
a - Beastly Appendage     Tmut           ##....       16%         1    #......
b - Sticks to Snakes      Tmut           ##......     22%         2    ###....
c - Spider Form           Tmut/Pois      #.........   54%         3    ###....


Dungeon Overview and Level Annotations

Branches:
Dungeon (2/15)

Altars:
Dithmenos


Message History

The gnoll is moderately wounded.
The gnoll closely misses you.
You hit the gnoll.
The gnoll looks as sick as possible!
The gnoll is moderately wounded.
Your transformation is almost over.
The gnoll misses you. The gnoll completely misses you.
The gnoll throws a throwing net.
The throwing net completely misses you.
The gnoll throws a throwing net.
The throwing net hits you.
You become entangled in the net!
You see here a throwing net.
You struggle against the net.
The gnoll hits you from afar with a halberd!
* * * LOW HITPOINT WARNING * * *
You struggle against the net.
You kill the gnoll!
Okay, then.
You struggle against the net.
The gnoll hits you from afar with a spear!
You die...

#.........#########.........
#.................+.........
#................##.........
#.....#..........#######....
#.....#..........# #....
#.....############# #....
#.....# #.......# #....
####'######.......# ##...
#......(s......# #.##
########.......# #.#
#gg.....# #.# #g...$..# #(#
#.......# #.##
#.......#######...
#................#
#.######.........# #.#
.........#


You could see 3 gnolls.

Vanquished Creatures
  A gnoll (D:2)
  An adder (D:2)
  A worm (D:2)
  A leopard gecko (D:1)
  2 giant cockroaches (D:1)
  4 hobgoblins
  2 kobolds (D:1)
  A ball python (D:1)
  3 bats
  2 frilled lizards (D:1)
  3 rats
21 creatures vanquished.

Notes
Turn   | Place    | Note
-------+----------+-------------------------------------------
     0 | D:1      | Laiders the Merfolk Transmuter began the quest for the Orb.
     0 | D:1      | Reached XP level 1. HP: 15/15 MP: 3/3
   257 | D:1      | Reached XP level 2. HP: 17/21 MP: 5/5
   558 | D:1      | Learned a level 2 spell: Sticks to Snakes
  1110 | D:2      | Found a shadowy altar of Dithmenos.
  1225 | D:2      | Reached XP level 3. HP: 10/26 MP: 4/6
  1658 | D:2      | Learned a level 3 spell: Spider Form
  1688 | D:2      | Slain by a gnoll

Vault maps used:
D:1:      eino_arrival_druids_welcome, wad_floor_pattern_untrapped
D:2:      nicolae_dithmenos_through_a_glass_darkly, first_bread,
          dk_noncrumbling_2

Skill      XL: |  1 |
---------------+----+-----
Transmutations | 3 |  3.6
Fighting       | |  1.1
Dodging        | |  2.6
Unarmed Combat | |  3.8
Spellcasting   | |  2.6
Poison Magic   | |  0.2

Action                   || total
-------------------------++-------
Melee: Unarmed           ||    64
       Headbutt          ||     6
       Punch             ||     2
 Cast: Beastly Appendage ||     4
       Spider Form       ||     1
  Use: Scroll            ||     1
       Potion            ||     1
  Eat: Chunk             ||     2
Armor: Robe              ||    18
Dodge: Dodged            ||    54

Table legend:
 A = Spawn XP
 B = Non-spawn XP
 C = Spawn XP percentage of total XP
 D = Spawn monster count
 E = Non-spawn monster count
 F = Spawn count percentage of total count
 G = Total turns spent on level
                    A         B        C        D         E        F      G
               +---------+---------+-------+---------+---------+-------+---------
         Total |       0 |      61 |   0.0 |       0 |      21 |   0.0 |  1688
               +---------+---------+-------+---------+---------+-------+---------
           D:1 |       0 |      22 |   0.0 |       0 |      14 |   0.0 |  1104
           D:2 |       0 |      39 |   0.0 |       0 |       7 |   0.0 |   584
               +---------+---------+-------+---------+---------+-------+---------
